AoeStats
← #Tsch

African Clearing

510388563Analyzed
4v4 RM · 1d ago on Sep 30, 2026· 57m 44s· 8 players
Game mode
Random Map
Map size
Large (8 player)
Population
200
Speed
Normal
Resources
Standard
Victory
Conquest
Starting age
Dark Age
Ending age
Imperial Age
RankedLock teamsTeams togetherTeam positionsShared explorationLock speedFull tech treeHidden civsTurbo modeCheats
Victory
Defeat
🇬🇧 Persians · United Kingdom
1191
+11
🇨🇳 Chinese · China
1116
+14
🇧🇪 Huns · Belgium
1112
+14
🇬🇧 Britons · United Kingdom
1072
+14
🇦🇷 Slavs · Argentina
1077
-14
🇺🇸 Saxons · United States
1066
-13
🇩🇪 Mongols · Germany
1056
-13
🇹🇷 Cumans · Türkiye
1055
-13
JDTChief
7:11 Loom
15:03 Feudal Age
16:37 Double-Bit Axe
20:23 Castle Age
19:31 Fletching
23:05 Bodkin Arrow
28:13 Ballistics
28:35 Bow Saw
30:26 Wheelbarrow
30:32 Horse Collar
31:16 Stone Mining
31:24 Guard Tower
31:57 Gold Mining
32:16 Murder Holes
32:42 Town Watch
33:24 Hand Cart
34:15 Masonry
34:02 Treadmill Crane
39:09 Imperial Age
39:50 Bracer
39:38 Arrowslits
40:29 Keep
40:58 Chemistry
40:29 Architecture
41:56 Heavy Plow
42:35 Padded Archer Armor
43:09 Crossbowman
43:54 Thumb Ring
43:55 Arbalester
44:53 Leather Archer Armor
46:50 Ring Archer Armor
53:45 Caravan
#Tsch
14:09 Feudal Age
15:20 Loom
16:47 Double-Bit Axe
20:25 Castle Age
20:01 Stone Mining
20:00 Horse Collar
21:35 Bow Saw
23:06 Wheelbarrow
29:08 Town Watch
35:28 Imperial Age
34:33 Town Patrol
34:53 Bloodlines
34:41 Fletching
35:37 Bodkin Arrow
36:09 Ballistics
36:51 Hand Cart
37:58 Chemistry
37:12 Bracer
37:13 Padded Archer Armor
38:06 Parthian Tactics
38:59 Leather Archer Armor
39:40 Conscription
39:42 Elite Skirmisher
40:28 Thumb Ring
41:21 Hoardings
51:44 Elite Mangudai
55:14 Nomads
56:40 Caravan
cagatai
8:21 Loom
16:37 Feudal Age
27:44 Horse Collar
31:02 Fletching
31:13 Padded Archer Armor
34:06 Castle Age
33:06 Scale Mail Armor
33:16 Forging
34:09 Capped Ram
34:14 Crossbowman
34:20 Pikeman
37:29 Wheelbarrow
36:44 Town Watch
43:25 Heavy Plow
43:12 Double-Bit Axe
44:09 Stone Mining
44:13 Gold Mining
45:16 Scale Barding Armor
46:29 Bow Saw
47:34 Bloodlines
46:45 Light Cavalry
52:18 Murder Holes
MatiSitoula
5:24 Loom
7:06 Loom
14:11 Feudal Age
15:02 Double-Bit Axe
16:07 Horse Collar
22:13 Castle Age
21:55 Bloodlines
23:03 Husbandry
22:24 Light Cavalry
23:22 Scale Barding Armor
23:44 Bow Saw
33:15 Wheelbarrow
33:30 Town Watch
34:58 Hand Cart
39:36 Imperial Age
37:53 Heavy Plow
38:15 Chain Barding Armor
38:07 Forging
39:39 Cavalier
40:56 Plate Barding Armor
41:32 Conscription
41:21 Gold Mining
41:23 Stone Mining
44:20 Detinets
44:47 Capped Ram
49:44 Pikeman
50:25 Squires
50:25 Halberdier
51:07 Scale Mail Armor
52:05 Chain Mail Armor
53:02 Druzhina
54:17 Crop Rotation
57:33 Plate Mail Armor
solmanfu
9:14 Loom
13:54 Feudal Age
17:07 Forging
20:26 Castle Age
19:52 Bloodlines
20:03 Scale Barding Armor
21:06 Double-Bit Axe
25:39 Wheelbarrow
31:37 Iron Casting
32:31 Bow Saw
32:39 Gold Mining
33:16 Horse Collar
34:30 Hand Cart
35:52 Husbandry
38:01 Gold Shaft Mining
42:04 Imperial Age
39:55 Stone Mining
41:53 Cavalier
43:19 Chain Barding Armor
43:43 Conscription
45:03 Savar
48:28 Light Cavalry
50:13 Blast Furnace
53:32 Town Watch
54:25 Plate Barding Armor
53:41 Fletching
55:03 Chemistry
54:17 Murder Holes
54:42 Ballistics
54:34 Masonry
56:35 Citadels
57:36 Stone Shaft Mining
TABrasta
8:15 Loom
14:09 Feudal Age
16:15 Double-Bit Axe
20:39 Fletching
25:08 Wheelbarrow
26:59 Scale Mail Armor
30:22 Castle Age
29:11 Gold Mining
30:04 Horse Collar
30:41 Crossbowman
31:56 Bodkin Arrow
31:26 Pikeman
32:07 Squires
34:31 Bow Saw
40:12 Yeomen
46:13 Heavy Plow
49:56 Imperial Age
49:16 Forging
50:51 Chain Mail Armor
53:30 Bracer
57:04 Gold Shaft Mining
57:20 Halberdier
Hanzani
9:25 Loom
16:03 Feudal Age
17:44 Double-Bit Axe
17:56 Gold Mining
21:05 Castle Age
19:20 Forging
19:16 Scale Barding Armor
22:32 Iron Casting
25:11 Chain Barding Armor
29:02 Horse Collar
30:12 Bloodlines
30:51 Husbandry
32:16 Wheelbarrow
36:13 Imperial Age
34:17 Heavy Plow
34:40 Bow Saw
35:21 Hand Cart
36:19 Cavalier
37:00 Town Watch
37:41 Conscription
38:29 Blast Furnace
39:09 Gold Shaft Mining
39:42 Plate Barding Armor
41:21 Stone Mining
41:48 Paladin
43:26 Caravan
46:46 Atheism
CNZS_carlar
7:22 Loom
15:19 Feudal Age
18:54 Castle Age
16:39 Fishing Lines
20:08 Gillnets
24:10 Double-Bit Axe
33:52 Imperial Age
32:08 Fletching
32:20 Padded Archer Armor
34:58 Wheelbarrow
34:27 Bodkin Arrow
34:47 Leather Archer Armor
35:01 Ballistics
35:14 Conscription
36:34 Chemistry
35:55 Bracer
36:16 Leather Archer Armor
38:05 Elite Chu Ko Nu
Connection lost

Rejoining the realm…

Still unreachable

The connection could not be restored.

Session expired

The server has moved on; the page needs a fresh start.